 Dungeon Crawl Stone Soup version 0.16.2-14-g7133f4a77c (webtiles) character file.

118549 faibistes the Eclecticist (level 16, -2/76 HPs)
             Began as a Deep Elf Wizard on June 26, 2022.
             Was the Champion of Sif Muna.
             Slain by a deep elf blademaster
             ... wielding a +0 rapier
              (21 damage)
             ... on level 2 of the Elven Halls on June 27, 2022.
             The game lasted 02:34:45 (49177 turns).

faibistes the Eclecticist (Deep Elf Wizard)        Turns: 49177, Time: 02:34:45

Health: -2/76      AC: 12    Str:  4    XL:     16   Next: 25%
Magic:  36/68      EV: 17    Int: 38    God:    Sif Muna [******]
Gold:   739        SH:  0    Dex: 13    Spells: 11 memorised, 3 levels left

rFire  . . .     SeeInvis .     w - staff of power
rCold  + . .     Clarity  .     L - +2 robe {rC+}
rNeg   + . .     SustAb   .     (no shield)
rPois  +         Gourm    .     S - +2 helmet {Int+3}
rElec  .         Spirit   .     y - +2 cloak
rCorr  .         Warding  +     k - +1 pair of gloves "Hithrum" {MP+9 Stlth+}
rMut   .         Stasis   .     (no boots)
MR     +....                    D - amulet of warding
Stlth  +++.......               p - ring "Throaff" {rPois Int+4}
                                z - ring of magical power

@: deflect missiles, somewhat resistant to hostile enchantments, fairly stealthy
A: no striking features
a: Channel Energy, Forget Spell, Renounce Religion


You were on level 2 of the Elven Halls.
You worshipped Sif Muna.
Sif Muna was exalted by your worship.
You were not hungry.

You visited 5 branches of the dungeon, and saw 28 of its levels.
You also visited: Ossuary and Bailey.

You collected 2550 gold pieces.
You spent 1811 gold pieces at shops.

Inventory:

Hand weapons
 E - a +5 dagger of venom
Armour
 k - the +1 pair of gloves "Hithrum" (worn) {MP+9 Stlth+}
   (You bought it in a shop on level 4 of the Orcish Mines)

   It affects your magic capacity (+9).
   It makes you more stealthy.
 y - a +2 cloak (worn)
 L - a +2 robe of cold resistance (worn)
 S - a +2 helmet of intelligence (worn)
Magical staves
 w - an uncursed staff of power (weapon)
 H - an uncursed staff of fire
Jewellery
 g - the ring of Orthodoxy {rC- rN+ Int+2 Slay+5 Stlth-}
   (You bought it in a shop on level 1 of the Elven Halls)

   [ring of loudness]

   It affects your intelligence (+2).
   It affects your accuracy and damage with ranged weapons and melee attacks
   (+5).
   It makes you vulnerable to cold.
   It protects you from negative energy.
   It makes you less stealthy.
 l - an uncursed amulet of resist mutation
 p - the ring "Throaff" (right hand) {rPois Int+4}
   (You bought it in a shop on level 4 of the Orcish Mines)

   [ring of poison resistance]

   It affects your intelligence (+4).
   It protects you from poison.
 u - the ring "Wuttobb" {rF+ MR+ Dex-3 Stlth+}
   (You bought it in a shop on level 11 of the Dungeon)

   [ring of protection from fire]

   It affects your dexterity (-3).
   It protects you from fire.
   It affects your resistance to hostile enchantments.
   It makes you more stealthy.
 z - a ring of magical power (left hand)
 D - an amulet of warding (around neck)
Magical devices
 a - a wand of cold (9)
 b - a wand of draining (3)
 q - a wand of confusion (17)
 r - a wand of cold (8)
 t - a wand of disintegration (2)
 v - a wand of invisibility (3)
 F - a wand of digging (10)
 J - a wand of heal wounds (3)
 K - a wand of lightning (6)
 P - a wand of disintegration (10)
 T - a wand of slowing (26)
 V - a wand of lightning (5)
Scrolls
 c - 3 scrolls of fog
 i - 5 scrolls of identify
 m - 11 scrolls of recharging
 x - 6 scrolls of enchant armour
 A - 9 scrolls of remove curse
 C - a scroll of amnesia
 Q - 2 scrolls of teleportation
 X - 2 scrolls of blinking
 Y - a scroll of immolation
Potions
 e - 3 potions of curing
 f - 4 potions of restore abilities
 h - 3 potions of haste
 n - 2 potions of lignification
 o - 3 potions of brilliance
 s - 2 potions of flight
 B - 5 potions of heal wounds
 G - 2 potions of magic
 M - a potion of ambrosia
 N - 2 potions of cure mutation
 R - 2 potions of invisibility
 U - a potion of cancellation
 W - a potion of resistance
Books
 O - Sif Muna's Grimoire of Assistive Conjuration
   (Sif Muna gifted it to you on level 1 of the Elven Halls)

   Spells                             Type                      Level
   a - Flame Tongue                   Conjuration/Fire             1
   b - Sure Blade                     Hexes/Charms                 2
   c - Spectral Weapon                Hexes/Charms                 3
   d - Iskenderun's Battlesphere      Conjuration/Charms           5
   e - Fire Storm                     Conjuration/Fire             9
 Z - Sif Muna's Guide on the Birds
   (Sif Muna gifted it to you on level 2 of the Elven Halls)

   Spells                             Type                      Level
   a - Static Discharge               Conjuration/Air              3
   b - Mephitic Cloud                 Conjuration/Poison/Air       3
   c - Summon Lightning Spire         Summoning/Air                4
   d - Poisonous Cloud                Conjuration/Poison/Air       6
Comestibles
 d - 17 bread rations
 j - 11 meat rations


   Skills:
 - Level 10.0 Dodging
 - Level 2.4 Stealth
 * Level 17.6 Spellcasting
 * Level 12.7 Conjurations
 - Level 8.6 Charms
   Level 1.1 Summonings
 - Level 1.1 Translocations
 - Level 3.0 Transmutations
 * Level 12.7 Fire Magic
 - Level 5.6 Air Magic
 * Level 12.5 Earth Magic
 - Level 3.5 Poison Magic
 - Level 10.0 Invocations
 - Level 9.1 Evocations


You had 3 spell levels left.
You knew the following spells:

 Your Spells              Type           Power        Failure   Level  Hunger
a - Iron Shot             Conj/Erth      #######...   1%          6    None
b - Conjure Flame         Conj/Fire      #######.     0%          3    None
c - Iskenderun's Battles  Conj/Chrm      #######.     1%          5    None
d - Blink                 Tloc           N/A          1%          2    None
e - Mephitic Cloud        Conj/Pois/Air  ######..     1%          3    None
f - Deflect Missiles      Chrm/Air       ######....   10%         6    None
g - Airstrike             Air            ######....   1%          4    None
i - Ignite Poison         Fire/Trmt      #######...   1%          5    None
v - Bolt of Magma         Conj/Fire/Erth #######...   1%          5    None
x - Force Lance           Conj/Tloc      ######..     1%          4    None
z - Iskenderun's Mystic   Conj           #######.     1%          4    None


Dungeon Overview and Level Annotations

Branches:
Dungeon (13/15) Temple (1/1) D:7 Lair (8/8) D:8 Shoals (0/5) Lair:3 Spider (0/5) Lair:6 Slime (0/6) Lair:6 Orc (4/4) D:12 Elf (2/3) Orc:4 Vaults (0/5) D:12 D:13

Altars:
Ashenzari
Cheibriados
Dithmenos
Elyvilon
Fedhas
Gozag
Kikubaaqudgha
Makhleb
Nemelex Xobeh
Okawaru
Qazlal
Ru
Sif Muna
Trog
Vehumet
Xom
Yredelemnul
Zin
The Shining One
Beogh
Jiyva

Shops:
D:5 *   D:8 *   D:11 *   Orc:2 (   Orc:4 (=[(   Elf:1 *

Annotations:
D:6 1 exclusion
D:13 Norris


Message History

Casting: Force Lance
Confirm with . or Enter, or press ? or * to list all spells.
Aiming: Bolt of Magma
Press: ? - help, Shift-Dir - straight line, f/p - deep elf blademaster
Aim: a deep elf blademaster, wielding two rapiers and wearing a leather armour (moderately wounded)
The bolt of magma misses the deep elf blademaster.
Casting: Bolt of Magma
Confirm with . or Enter, or press ? or * to list all spells.
Aiming: Force Lance
Press: ? - help, Shift-Dir - straight line, f/p - deep elf blademaster
Aim: a deep elf blademaster, wielding two rapiers and wearing a leather armour (moderately wounded)
The lance of force misses the deep elf blademaster.
The deep elf blademaster hits you with a rapier! x2
* * * LOW HITPOINT WARNING * * *
Drink which item? (? for menu, Esc to quit)
You feel much better.
The deep elf blademaster hits you with a rapier!
* * * LOW HITPOINT WARNING * * *
The deep elf blademaster hits you with a rapier!!
You die...

#.. ##.. ..
##...# #...
#.....###.....
#......#......
#.............
#....e........
#.@.# ##.##
###


You could see a deep elf blademaster.

Vanquished Creatures
  Rupert (Lair:4)
  A stone giant (Orc:4)
  Snorg (Lair:4)
  7 hydras
  Fannar (Lair:4)
  An ice dragon (Lair:4)
  3 dancing weapons (Elf:2)
  The ghost of FredericMitz the Nimble, an experienced MiMo of Gozag (D:12)
  7 death yaks
  Urug (Orc:3)
  4 orc high priests
  Nergalle (Lair:7)
  19 deep elf knights
  Erolcha (Orc:3)
  2 unseen horrors (D:11)
  10 deep elf summoners
  2 hill giants (D:12)
  8 orc sorcerers
  9 deep elf conjurers
  10 orc knights
  A griffon (Lair:6)
  A wizard (Elf:2)
  An ugly thing (D:12)
  3 cyclopes
  5 black mambas
  3 elephants (Lair:7)
  5 large abominations (Elf:2)
  25 spiny frogs
  A queen ant (Lair:5)
  8 komodo dragons
  2 demonic crawlers
  7 fire drakes
  9 deep elf priests
  2 jumping spiders (shapeshifter) (Elf:1)
  A polar bear (shapeshifter) (Elf:1)
  8 trolls
  Sonja (D:11)
  5 polar bears
  A jumping spider (Elf:1)
  2 giant leeches
  Prince Ribbit (Lair:1)
  4 trapdoor spiders (Lair:6)
  A snapping turtle (Lair:3)
  A blink frog (shapeshifter) (Elf:1)
  3 basilisks
  23 blink frogs
  A wraith (D:11)
  6 redbacks
  2 wyverns
  3 water elementals (D:11)
  26 deep elf magi
  3 tarantellas (Elf:1)
  41 yaks
  26 deep elf fighters
  8 humans (D:12)
  A hungry ghost (D:8)
  4 vampire mosquitoes (Lair:8)
  13 hippogriffs
  19 wargs
  2 steam dragons (D:11)
  Menkaure (D:5)
  9 soldier ants
  7 wolves
  16 porcupines
  15 water moccasins
  48 orc warriors
  2 wasps (D:8)
  7 ice beasts
  A phantom (D:9)
  3 sky beasts
  9 black bears
  7 small abominations (Elf:2)
  10 centaurs
  15 ogres
  A necrophage (D:9)
  A big kobold (D:6)
  An elf zombie (Ossuary)
  9 crocodiles
  35 giant frogs
  A wyvern zombie (D:12)
  4 scorpions
  6 killer bees (D:10)
  9 electric eels
  8 wights
  2 vampire bats (Lair:1)
  39 orc priests
  2 centaur zombies
  3 goliath beetles
  12 hounds
  2 crimson imps (D:11)
  5 jellies
  3 centaur skeletons
  A giant frog skeleton (D:8)
  9 iguanas
  24 orc wizards
  19 worker ants
  8 hell rats
  A killer bee zombie (D:11)
  28 sheep
  Ijyb (D:5)
  Jessica (D:2)
  2 big kobold zombies (Ossuary)
  A hound zombie (D:9)
  2 mummies
  2 worker ant zombies
  50 river rats
  4 gnolls (D:6)
  2 shadow imps
  13 adders
  3 white imps (Lair:4)
  A worm (D:4)
  2 adder skeletons (D:4)
  3 adder zombies
  4 giant geckos
  2 oozes
  252 orcs
  23 bats
  A bat skeleton (D:8)
  5 giant cockroaches
  25 goblins
  22 hobgoblins
  12 jackals
  20 kobolds
  15 quokkas
  3 ball pythons
  2 giant gecko skeletons (D:4)
  9 giant newts
  A goblin zombie (Ossuary)
  13 hobgoblin zombies (Ossuary)
  3 jackal zombies (Ossuary)
  7 kobold zombies (Ossuary)
  5 orc zombies (Ossuary)
  A quokka zombie (D:8)
  12 rats
  2 rat zombies (Ossuary)
  A ballistomycete (D:11)
  2 fungi
1281 creatures vanquished.

Vanquished Creatures (collateral kills)
  A jackal (D:3)
1 creature vanquished.

Vanquished Creatures (others)
  A deep elf knight (Elf:1)
  3 crimson imps (Ossuary)
  A white imp (Ossuary)
  A worm (D:2)
  An orc (Orc:3)
  A giant newt (D:2)
  A giant spore (D:11)
  49 fungi
  19 plants
77 creatures vanquished.

Grand Total: 1359 creatures vanquished

Notes
Turn   | Place    | Note
--------------------------------------------------------------
     0 | D:1      | faibistes, the Deep Elf Wizard, began the quest for the Orb.
     0 | D:1      | Reached XP level 1. HP: 10/10 MP: 6/6
   573 | D:1      | Reached XP level 2. HP: 15/15 MP: 5/10
   707 | D:1      | Learned a level 2 spell: Blink
   710 | D:1      | Learned a level 2 spell: Call Imp
   989 | D:3      | Found a stormy altar of Qazlal.
   996 | D:3      | Reached skill level 5 in Spellcasting
  1350 | D:2      | Reached XP level 3. HP: 19/19 MP: 12/14
  1355 | D:2      | Learned a level 3 spell: Conjure Flame
  1359 | D:2      | Learned a level 3 spell: Mephitic Cloud
  1369 | D:2      | Found a radiant altar of Vehumet.
  1739 | D:2      | Found a white marble altar of Elyvilon.
  1863 | D:2      | Noticed Jessica
  1871 | D:2      | Killed Jessica
  1871 | D:2      | Reached XP level 4. HP: 24/24 MP: 10/17
  1919 | D:2      | Learned a level 2 spell: Repel Missiles
  2002 | D:2      | Found a blossoming altar of Fedhas.
  2323 | D:4      | Found a sand-covered staircase.
  2327 | Ossuary  | Entered an ossuary
  2897 | Ossuary  | Reached skill level 6 in Spellcasting
  2897 | Ossuary  | Reached XP level 5. HP: 12/28 MP: 0/20
  3455 | D:3      | Reached XP level 6. HP: 28/32 MP: 2/22
  3596 | D:3      | Reached skill level 1 in Poison Magic
  3737 | D:4      | Reached skill level 1 in Air Magic
  3779 | D:5      | Entered Level 5 of the Dungeon
  3795 | D:5      | Found Lipeit's Off-Brand Ammunition.
  4023 | D:3      | Found a snail-covered altar of Cheibriados.
  4801 | D:4      | Found a sacrificial altar of Ru.
  4806 | D:4      | Reached skill level 7 in Spellcasting
  5295 | D:5      | Noticed Ijyb
  5309 | D:5      | Killed Ijyb
  5309 | D:5      | Reached XP level 7. HP: 36/36 MP: 7/25
  5648 | D:5      | Found a shadowy altar of Dithmenos.
  5770 | D:5      | Noticed Menkaure
  5782 | D:5      | Killed Menkaure
  6416 | D:6      | Reached skill level 5 in Dodging
  6570 | D:6      | Reached skill level 5 in Conjurations
  6806 | D:6      | Reached skill level 8 in Spellcasting
  6806 | D:6      | Reached XP level 8. HP: 41/41 MP: 22/27
  7941 | D:6      | Reached skill level 9 in Spellcasting
  7941 | D:6      | Reached skill level 1 in Evocations
  8368 | D:6      | Reached XP level 9. HP: 7/45 MP: 10/29
  8742 | D:7      | Found a staircase to the Ecumenical Temple.
  8775 | D:6      | Reached skill level 10 in Spellcasting
  9187 | Temple   | Entered the Ecumenical Temple
  9344 | Temple   | Became a worshipper of Sif Muna the Loreminder
  9521 | D:7      | Reached skill level 1 in Fire Magic
  9521 | D:7      | Reached skill level 1 in Invocations
 10401 | D:7      | Reached skill level 5 in Evocations
 10480 | D:7      | Acquired Sif Muna's first power
 10786 | D:7      | Noticed an orc knight
 10896 | D:7      | Noticed an orc knight
 10912 | D:7      | Killed an orc knight
 10912 | D:7      | Reached skill level 11 in Spellcasting
 10912 | D:7      | Reached XP level 10. HP: 27/50 MP: 21/32
 10929 | D:7      | Killed an orc knight
 12307 | D:7      | Reached skill level 5 in Invocations
 12508 | D:7      | Acquired Sif Muna's second power
 12508 | D:7      | Reached skill level 5 in Fire Magic
 12893 | D:7      | Identified a scroll of acquirement
 12900 | D:7      | Learned a level 4 spell: Iskenderun's Mystic Blast
 12906 | D:7      | Learned a level 5 spell: Bolt of Magma
 13475 | D:8      | Found an opulent altar of Gozag.
 13476 | D:8      | Found Gozag's Platinum Reserve.
 13486 | D:8      | Found a shattered altar of Ashenzari.
 13608 | D:8      | Reached skill level 1 in Earth Magic
 14130 | D:8      | Found a staircase to the Lair.
 14542 | Lair:1   | Entered Level 1 of the Lair of Beasts
 14892 | Lair:1   | Reached XP level 11. HP: 43/54 MP: 6/33
 14917 | Lair:1   | Learned a level 5 spell: Ignite Poison
 15075 | Lair:1   | Reached skill level 12 in Spellcasting
 15455 | Lair:1   | Noticed Prince Ribbit
 15458 | Lair:1   | Reached skill level 1 in Transmutations
 15467 | Lair:1   | Killed Prince Ribbit
 18773 | Lair:3   | Found a staircase to the Shoals.
 19096 | Lair:3   | Noticed a black mamba
 19101 | Lair:3   | Killed a black mamba
 19553 | Lair:4   | Noticed Rupert
 19585 | Lair:4   | Noticed a four-headed hydra
 19899 | Lair:4   | Noticed Snorg
 19907 | Lair:4   | Killed Snorg
 19907 | Lair:4   | Reached skill level 13 in Spellcasting
 19907 | Lair:4   | Reached skill level 5 in Earth Magic
 20308 | Lair:4   | Acquired Sif Muna's third power
 20312 | Lair:4   | Reached XP level 12. HP: 59/59 MP: 21/35
 20322 | Lair:4   | Paralysed by something for 2 turns
 20339 | Lair:4   | Killed Rupert
 20404 | Lair:4   | Killed a four-headed hydra
 20711 | Lair:4   | Noticed Fannar
 20720 | Lair:4   | Killed Fannar
 20996 | Lair:4   | Noticed a six-headed hydra
 21001 | Lair:4   | Killed a six-headed hydra
 21266 | Lair:4   | Noticed a six-headed hydra
 21273 | Lair:4   | Killed a six-headed hydra
 22243 | Lair:4   | Noticed an ice dragon
 22346 | Lair:4   | Killed an ice dragon
 22636 | Lair:5   | Reached skill level 14 in Spellcasting
 23642 | Lair:5   | Reached XP level 13. HP: 63/63 MP: 36/37
 25303 | Lair:6   | Learned a level 6 spell: Iron Shot
 25318 | Lair:6   | Found a hole to the Spider Nest.
 25399 | Lair:6   | Received a gift from Sif Muna
 25437 | Lair:6   | Learned a level 4 spell: Airstrike
 26036 | Lair:6   | Found a staircase to the Slime Pits.
 26038 | Lair:6   | Found a viscous altar of Jiyva.
 26180 | Lair:6   | Reached skill level 10 in Dodging
 26402 | Lair:6   | Reached skill level 1 in Charms
 27073 | Lair:7   | Noticed Nergalle
 27075 | Lair:7   | Killed Nergalle
 27111 | Lair:7   | Reached skill level 10 in Invocations
 27141 | Lair:8   | Entered Level 8 of the Lair of Beasts
 27357 | Lair:8   | Reached skill level 5 in Air Magic
 27480 | Lair:7   | Found an ancient bone altar of Kikubaaqudgha.
 28801 | Lair:7   | Reached skill level 15 in Spellcasting
 29369 | Lair:7   | Learned a level 6 spell: Deflect Missiles
 29370 | Lair:7   | Reached XP level 14. HP: 68/68 MP: 38/38
 29589 | Lair:8   | Reached skill level 10 in Conjurations
 29589 | Lair:8   | Received a gift from Sif Muna
 29591 | Lair:8   | Identified Sif Muna's Reference Book on the Mutagenic Mountains (Sif Muna gifted it to you on level 8 of the Lair of Beasts)
 29594 | Lair:8   | Reached skill level 5 in Charms
 31725 | D:10     | Entered Level 10 of the Dungeon
 32909 | D:10     | Reached skill level 10 in Fire Magic
 33236 | D:10     | Got an ivory quarterstaff
 33237 | D:10     | Identified the +5 quarterstaff of the Peculiar Mice {venom, -Cast rF+ rN+ Str+2} (You found it on level 10 of the Dungeon)
 34183 | D:11     | Found Khigaasa's Assorted Antiques.
 34219 | D:11     | Bought a warped iron ring for 180 gold pieces
 34219 | D:11     | Identified the ring "Wuttobb" {rF+ MR+ Dex-3 Stlth+} (You bought it in a shop on level 11 of the Dungeon)
 35439 | D:11     | Reached skill level 10 in Earth Magic
 35548 | D:11     | Received a gift from Sif Muna
 35549 | D:11     | Identified Lehudib's Guide on Combat Magic (Sif Muna gifted it to you on level 11 of the Dungeon)
 35555 | D:11     | Learned a level 4 spell: Force Lance
 35902 | D:11     | Noticed Sonja
 35910 | D:11     | Killed Sonja
 36375 | D:12     | Found a staircase to the Orcish Mines.
 36385 | D:13     | Found a gate to the Vaults.
 36385 | D:13     | Noticed Norris
 36837 | D:12     | Noticed FredericMitz's ghost (experienced MiMo)
 36845 | D:12     | Killed FredericMitz's ghost
 37013 | D:12     | Reached skill level 16 in Spellcasting
 37530 | D:12     | Found a roughly hewn altar of Beogh.
 37808 | Orc:1    | Entered Level 1 of the Orcish Mines
 38429 | Orc:4    | Entered Level 4 of the Orcish Mines
 38551 | Orc:3    | Found a burning altar of Makhleb.
 38647 | Orc:3    | Reached XP level 15. HP: 72/72 MP: 31/39
 38696 | Orc:3    | Noticed Urug
 38701 | Orc:3    | Killed Urug
 38769 | Orc:3    | Found a flagged portal.
 38777 | Orc:3    | Noticed Erolcha
 38779 | Bailey   | Entered a bailey
 39863 | Orc:3    | Identified the Volume of Attacks (You acquired it on level 3 of the Orcish Mines)
 39902 | Orc:3    | Killed Erolcha
 39998 | Orc:3    | Found a roughly hewn altar of Beogh.
 40537 | Orc:2    | Found Wiutoro's Antique Weapon Emporium.
 40726 | Orc:2    | Received a gift from Sif Muna
 40730 | Orc:2    | Identified Sif Muna's Compendium of Quantum Summoning (Sif Muna gifted it to you on level 2 of the Orcish Mines)
 41167 | Orc:2    | Found a roughly hewn altar of Beogh.
 42457 | Orc:4    | Found a bloodstained altar of Trog.
 42493 | Orc:4    | Found a staircase to the Elven Halls.
 44506 | Orc:4    | Found Shomyum's Weapon Boutique.
 44510 | Orc:4    | Found Oneustorr's Armour Shoppe.
 44515 | Orc:4    | Found Briosm's Jewellery Shoppe.
 44516 | Orc:4    | Bought the +1 pair of gloves "Hithrum" {MP+9 Stlth+} for 270 gold pieces
 44538 | Orc:4    | Found Thufaf's Antique Weapon Boutique.
 44545 | Orc:4    | Bought the ring "Throaff" {rPois Int+4} for 424 gold pieces
 44545 | Orc:4    | Bought an uncursed ring of magical power for 240 gold pieces
 44925 | Lair:2   | Learned a level 5 spell: Iskenderun's Battlesphere
 45132 | Elf:1    | Entered Level 1 of the Elven Halls
 45545 | Elf:1    | Found Ghaviodi's Assorted Antiques.
 45793 | Elf:1    | Bought a potion of heal wounds for 155 gold pieces
 45793 | Elf:1    | Bought a potion of heal wounds for 155 gold pieces
 45793 | Elf:1    | Bought a smoking golden ring for 155 gold pieces
 45793 | Elf:1    | Bought a scroll of blinking for 232 gold pieces
 45794 | Elf:1    | Identified the ring of Orthodoxy {rC- rN+ Int+2 Slay+5 Stlth-} (You bought it in a shop on level 1 of the Elven Halls)
 46756 | Elf:1    | Reached skill level 17 in Spellcasting
 46982 | Elf:1    | Received a gift from Sif Muna
 46983 | Elf:1    | Identified Sif Muna's Grimoire of Assistive Conjuration (Sif Muna gifted it to you on level 1 of the Elven Halls)
 48048 | Elf:2    | Reached XP level 16. HP: 76/76 MP: 41/41
 48853 | Elf:2    | Received a gift from Sif Muna
 48854 | Elf:2    | Identified Sif Muna's Guide on the Birds (Sif Muna gifted it to you on level 2 of the Elven Halls)
 48923 | Elf:2    | Found a huge runed gate.
 48923 | Elf:2    | Found a huge runed gate.
 48923 | Elf:2    | Found a huge runed gate.
 48926 | Elf:2    | Found a huge runed gate.
 48927 | Elf:2    | Found a huge runed gate.
 49172 | Elf:2    | Noticed a deep elf blademaster
 49177 | Elf:2    | Slain by a deep elf blademaster

Action                   |  1- 3 |  4- 6 |  7- 9 | 10-12 | 13-15 | 16-18 || total
-------------------------+-------+-------+-------+-------+-------+-------++-------
Melee: Unarmed           |     8 |       |       |       |       |       ||     8
       Staff             |       |     1 |       |       |     9 |       ||    10
       Dagger            |       |     6 |    61 |   101 |       |       ||   168
 Cast: Magic Dart        |   111 |   167 |   339 |   152 |       |       ||   769
       Call Imp          |     1 |     5 |       |       |       |       ||     6
       Mephitic Cloud    |     2 |    13 |    35 |    23 |    45 |       ||   118
       Conjure Flame     |       |    17 |    44 |    63 |    19 |       ||   143
       Repel Missiles    |       |     2 |     1 |     4 |       |       ||     7
       Blink             |       |     2 |    15 |    26 |    17 |     1 ||    61
       Iskenderun's Myst |       |       |       |   249 |   411 |    30 ||   690
       Bolt of Magma     |       |       |       |    49 |   325 |    22 ||   396
       Ignite Poison     |       |       |       |    31 |   136 |       ||   167
       Iron Shot         |       |       |       |       |    37 |     2 ||    39
       Airstrike         |       |       |       |       |   185 |    12 ||   197
       Force Lance       |       |       |       |       |    27 |     8 ||    35
       Deflect Missiles  |       |       |       |       |     2 |       ||     2
       Iskenderun's Batt |       |       |       |       |    15 |     8 ||    23
Invok: Channel Energy    |       |       |       |    44 |   123 |     6 ||   173
Evoke: Wand              |       |     6 |     1 |     6 |     1 |       ||    14
  Use: Scroll            |       |    10 |     6 |    18 |    16 |     1 ||    51
       Potion            |       |     1 |     2 |     4 |     5 |     4 ||    16
 Stab: Confused          |       |       |     2 |     2 |       |       ||     4
  Eat: Chunk             |     3 |     9 |    16 |    42 |    69 |     3 ||   142
       Beef jerky        |       |     1 |       |     1 |     2 |       ||     4
       Fruit             |       |       |     1 |     3 |       |       ||     4
       Pizza             |       |       |       |     1 |     2 |       ||     3
       Bread ration      |       |       |       |       |     3 |     1 ||     4
       Royal jelly       |       |       |       |       |     3 |       ||     3
